 Dungeon Crawl Stone Soup version 0.30-a0-800-g7c544603b3 (webtiles) character file.

Game seed: 17264550107098574944

81 garrulousMonolith the Slasher (level 4, 0/34 HPs)
             Began as a Demonspawn Gladiator on Feb 22, 2023.
             Slain by Sigmund
             ... wielding a +0 scythe
              (10 damage)
             ... on level 2 of the Dungeon.
             The game lasted 00:03:24 (1867 turns).

garrulousMonolith the Slasher (DsGl)                Turns: 1867, Time: 00:03:24

Health: 0/34       AC:  5    Str: 12 (14) XL:     4   Next: 20%
Magic:  4/4        EV: 11    Int:  7 (10) God:
Gold:   1280       SH:  0    Dex: 15 (16) Spells: 3/3 levels left

rFire   . . .      SeeInvis .    a - +0 long sword
rCold   . . .      Faith    .    (no shield)
rNeg    . . .      Spirit   .    n - +0 ring mail
rPois   .          Reflect  .    (helmet restricted)
rElec   .          Harm     .    (no cloak)
rCorr   .          Rampage  .    (no gloves)
Will    .....                    (no boots)
Stlth   +                        (no amulet)
HPRegen 0.25/turn                (no ring)
MPRegen 0.09/turn                (no ring)

@: flying
A: antennae 1, wild magic 1
a: no special abilities


You were on level 2 of the Dungeon.
You visited 1 branch of the dungeon, and saw 2 of its levels.

You collected 1280 gold pieces.

Inventory:

Hand Weapons
 a - a +0 long sword (weapon)
 o - a +2 dagger of draining
Missiles
 d - a throwing net (quivered)
 e - a javelin
 h - 4 boomerangs
Armour
 b - a +0 leather armour
 c - a +0 helmet
 n - a +0 ring mail (worn)
Jewellery
 q - an amulet of guardian spirit
Scrolls
 f - a scroll of identify
 i - a scroll of vulnerability {unknown}
 j - a scroll of silence
 m - 2 scrolls of teleportation
Potions
 k - a potion of mutation


   Skills:
 + Level 2.4 Fighting
 * Level 3.3 Long Blades
 + Level 2.1 Throwing
 + Level 1.1 Armour
 + Level 3.0 Dodging
 + Level 1.2 Stealth


You had 3 spell levels left.
You didn't know any spells.
Your spell library was empty.

Dungeon Overview and Level Annotations

Branches:
Dungeon (2/15)

Altars:

Annotations:
D:2 Sigmund


Innate Abilities, Weirdness & Mutations

You have a pair of small antennae on your head.
Your spells are a little harder to cast, but a little more powerful.


Message History

You throw a throwing net.
The throwing net closely misses Sigmund.
Throw: 2 throwing nets
Press: ? - help, Q - select action, (/) - cycle Shift-Dir - straight line, f/p - Sigmund
Aim: Sigmund, wielding a +0 scythe and wearing a +0 robe (57% to hit)
You throw a throwing net. The throwing net hits Sigmund.
Sigmund is caught in the net!
Sigmund struggles against the net.
Sigmund struggles against the net.
You see here a +0 short sword.
You slash Sigmund!
Sigmund is moderately wounded.
Sigmund struggles against the net.
You catch the helpless Sigmund completely off-guard!
You slash Sigmund!
Sigmund is severely wounded.
Sigmund struggles against the net.
You barely miss Sigmund.
Sigmund is severely wounded.
Sigmund struggles against the net. x2
The net rips apart, and Sigmund comes free!
You closely miss Sigmund.
Sigmund is severely wounded.
Sigmund hits you with a +0 scythe!
You hit Sigmund.
Sigmund is almost dead.
Sigmund mumbles some strange words.
Sigmund flickers and vanishes!
Deactivating autopickup; reactivate with Ctrl-A.
You barely miss something. Something hits you.
You miss something. Something hits you!
* * * LOW HITPOINT WARNING * * *
Okay, then.
You closely miss something. You closely miss something. Something hits you.
* * * LOW HITPOINT WARNING * * *
It was a potion of flight.
You feel very buoyant.
You fly up into the air.
Something hits you!
You die...

# ##'## #........# #
##...## ######.###
###.....## ### #.#
##.......## ##.###.#
#.........####...##.#
'.........'.......#.#
#.........####...##.#
##.......## ##.###.##
##.....## #.@{...#
##...## #.....(#
##'## #.##...# #.#
#.# ...# #.# #.. ..#
##.##### #.. #.#
##......## #.. .#
#....###.## #. #
##..## ##.#


There were no monsters in sight!

Vanquished Creatures
  An orc wizard (D:2)
  2 adders (D:2)
  A worm (D:2)
  A dart slug (D:1)
  2 orcs (D:2)
  An endoplasm (D:1)
  A giant cockroach (D:1)
  5 goblins
  3 hobgoblins (D:2)
  3 quokkas (D:1)
  3 ball pythons
  6 kobolds
  3 rats
32 creatures vanquished.

Notes
Turn   | Place    | Note
-------+----------+-------------------------------------------
     0 | D:1      | garrulousMonolith the Demonspawn Gladiator began the quest
                  | for the Orb.
     0 | D:1      | Reached XP level 1. HP: 16/16 MP: 1/1
   223 | D:1      | You fall into a shaft and drop 1 floor!
   241 | D:2      | Gained mutation: You have a pair of small antennae on your
                  | head. [demonic ancestry]
   241 | D:2      | Reached XP level 2. HP: 18/22 MP: 2/2
   390 | D:2      | Found a faded altar of an unknown god.
   470 | D:2      | Reached skill level 1 in Stealth
   470 | D:2      | Reached XP level 3. HP: 18/28 MP: 3/3
  1067 | D:2      | Reached skill level 1 in Armour
  1067 | D:2      | Reached XP level 4. HP: 34/34 MP: 4/4
  1094 | D:2      | Noticed Sigmund
  1096 | D:2      | Gained mutation: Your spells are a little harder to cast,
                  | but a little more powerful. [potion of mutation]
  1118 | D:2      | Identified a scroll of acquirement
  1249 | D:1      | Acquired 1152 gold pieces
  1867 | D:2      | Slain by Sigmund

Illustrated notes

Levels and vault maps discovered:
D:1:      minmay_arrival_loop, layout_loops_ring
D:2:      layout_loops_corners, ebering_ecumenical_altar_box, uniq_sigmund

Skill      XL: |  1  2  3 |
---------------+----------+-----
Long Blades    | 3 |  3.3
Throwing       | 2 |  2.1
Dodging        | 3 |  3.0
Stealth        | 1 |  1.2
Armour         | 1 |  1.1
Fighting       | |  2.4

Action                     |  1- 3 |  4- 6 || total
---------------------------+-------+-------++-------
  Melee: Long sword        |    61 |    26 ||    87
         Punch             |     1 |       ||     1
  Throw: Throwing net      |       |     4 ||     4
    Use: Scroll            |       |     7 ||     7
         Potion            |       |     5 ||     5
   Stab: Held in net/web   |       |     1 ||     1
 Armour: Leather armour    |     4 |       ||     4
         Ring mail         |    15 |     4 ||    19
  Dodge: Dodged            |    31 |    16 ||    47

Table legend: (Time is in decaauts)
 A = Elapsed time spent in this place.
 B = Non-inter-level travel time spent in this place.
 C = Inter-level travel time spent in this place.
 D = Time resting spent in this place.
 E = Time spent auto-exploring this place.
 F = Levels seen in this place.
 G = Mean time per level.
                   A        B        C        D        E       F      G
               +--------+--------+--------+--------+--------+-----+--------+
         Total |   1887 |   1845 |     42 |    218 |   1252 |   2 |  943.5 |
       Dungeon |   1887 |   1845 |     42 |    218 |   1252 |   2 |  943.5 |
               +--------+--------+--------+--------+--------+-----+--------+

Top non-repeatable levels by time:
     D:2: 1003 daAuts
     D:1: 884 daAuts
